 Dungeon Crawl Stone Soup version 0.19-a0-1627-gc26532d (webtiles) character file.

72 rageheart7 the Cudgeler (level 4, -2/48 HPs)
             Began as an Ogre Gladiator on Sept 18, 2016.
             Killed from afar by an orc wizard (8 damage)
             ... with a puff of flame
             ... on level 3 of the Dungeon.
             The game lasted 00:02:32 (2291 turns).

rageheart7 the Cudgeler (Ogre Gladiator)            Turns: 2291, Time: 00:02:32

Health: -2/48      AC:  3    Str: 21    XL:     4   Next: 25%
Magic:  4/4        EV: 10    Int:  7    God:
Gold:   152        SH:  0    Dex: 10    Spells: 0 memorised, 3 levels left

rFire  . . .     SeeInvis .     a - +1 flail
rCold  . . .     Gourm    .     b - +0 robe
rNeg   . . .     Faith    .     (no shield)
rPois  .         Spirit   .     c - +0 hat
rElec  .         Dismiss  .     (no cloak)
rCorr  .         Reflect  .     (gloves unavailable)
MR     .....     Harm     .     (boots unavailable)
Stlth  +.........               (no amulet)
                                (no ring)
                                (no ring)

@: no status effects
A: unfitting armour, tough skin 1
a: no special abilities


You were on level 3 of the Dungeon.
You were not hungry.

You visited 1 branch of the dungeon, and saw 3 of its levels.

You collected 152 gold pieces.

Inventory:

Hand Weapons
 a - a +1 flail (weapon)
 i - a +0 dagger of venom
Missiles
 d - 3 throwing nets
 k - 3 tomahawks (quivered)
Armour
 b - a +0 robe (worn)
 c - a +0 hat (worn)
Scrolls
 e - a scroll of fog
 p - a scroll of teleportation
Potions
 g - a potion of beneficial mutation {unknown}
 q - a potion of haste {unknown}
Comestibles
 f - 4 bread rations
 j - 3 meat rations


   Skills:
 * Level 3.7 Fighting
 * Level 6.0 Maces & Flails
 - Level 2.0 Throwing
 - Level 2.6 Dodging


You had 3 spell levels left.
You didn't know any spells.

Dungeon Overview and Level Annotations

Branches:
Dungeon (3/15)

Altars:


Innate Abilities, Weirdness & Mutations

You are too large for most types of armour.
You have tough skin. (AC +1)


Message History

You barely miss the hobgoblin.
The orc priest invokes the aid of Beogh against you.
Beogh smites you! The hobgoblin hits you.
You hit the hobgoblin.
The hobgoblin is almost dead.
The orc priest miscasts a cantrip.
The hobgoblin hits you.
You sock the hobgoblin!
You kill the hobgoblin!
The orc priest invokes the aid of Beogh against you.
Beogh smites you!
* * * LOW HITPOINT WARNING * * *
The orc wizard casts a spell at you. You resist with some effort.
Okay, then.
You are too injured to fight recklessly!
It was a potion of cancellation.
You feel magically purged.
The orc wizard gestures at you while chanting.
The puff of flame hits you!
You die...

.#.................
#..######.......#...
#.....#...#.##
###.#...#.##....
#...#.##......#.
#.##......#...#. .##
#.....#...#.##..
.....######....#.###.....
#...%@.#..##......#..#
#.####†#......#...#..#
###o#......#.##....
#...o....##......#.
#.#.#.....)).#.###
#.#!#........#§# .
.>#......##..#
..(..###........# #.....#
###o######


You could see an orc priest and an orc wizard.

Vanquished Creatures
  3 adders
  A worm (D:1)
  A dart slug (D:1)
  A leopard gecko (D:3)
  3 orcs (D:3)
  5 giant cockroaches
  4 goblins
  3 hobgoblins
  4 kobolds
  A ball python (D:1)
  6 bats
  4 rats
36 creatures vanquished.

Notes
Turn   | Place    | Note
-------+----------+-------------------------------------------
     0 | D:1      | rageheart7 the Ogre Gladiator began the quest for the Orb.
     0 | D:1      | Reached XP level 1. HP: 22/22 MP: 1/1
   221 | D:1      | Reached XP level 2. HP: 14/31 MP: 2/2
   233 | D:1      | HP: 1/31 [hobgoblin (3)]
   725 | D:1      | Reached skill level 5 in Maces & Flails
   842 | D:2      | Reached XP level 3. HP: 22/37 MP: 3/3
  1753 | D:3      | Reached XP level 4. HP: 14/45 MP: 4/4
  2281 | D:3      | Reached skill level 6 in Maces & Flails
  2291 | D:3      | Killed from afar by an orc wizard

Vault maps used:
D:1:      evilmike_arrival_run_for_it
D:2:      first_bread
D:3:      hangedman_decor_push, hangedman_decor_points,
          kennysheep_generic_room_11, uniq_iyjb, uniq_sigmund

Skill      XL: |  1  2  3  4 |
---------------+-------------+-----
Fighting       | 3 |  3.7
Maces & Flails | 5 6 |  6.0
Throwing       | |  2.0
Dodging        | |  2.6

Action                   |  1- 3 |  4- 6 || total
-------------------------+-------+-------++-------
Melee: Flail             |   117 |    27 ||   144
  Use: Potion            |     2 |     2 ||     4
       Scroll            |     7 |     1 ||     8
  Eat: Chunk             |     3 |     2 ||     5
Armor: Robe              |    49 |     6 ||    55
Dodge: Dodged            |    89 |    16 ||   105
